 Dungeon Crawl Stone Soup version 0.30.1-11-g7821555f0a (webtiles) character file.

Game seed: 14411782460015061262

7 RancidPinata the Sneak (level 2, 0/21 HPs)
             Began as an Octopode Delver on Dec 20, 2023.
             Was an Initiate of Dithmenos.
             Slain by an orc
             ... wielding a +0 club
              (4 damage)
             ... on level 5 of the Dungeon.
             The game lasted 00:01:51 (224 turns).

RancidPinata the Sneak (Octopode Delver)             Turns: 224, Time: 00:01:52

Health: 0/21       AC:  1    Str: 11    XL:     2   Next: 0%
Magic:  2/2        EV: 13    Int: 12    God:    Dithmenos [......]
Gold:   59         SH:  0    Dex: 13    Spells: 1/1 levels left

rFire   . . .        a - +0 short sword
rCold   . . .        (no shield)
rNeg    . . .        (helmet restricted)
rPois   .            (no amulet)
rElec   .            g - ring of willpower
rCorr   .            (no ring)
SInv    .            (no ring)
Will    +....        (no ring)
Stlth   ++++         (no ring)
HPRegen 0.23/turn    (no ring)
MPRegen 0.08/turn    (no ring)
                     (no ring)

%: no passive effects
@: no status effects
A: almost no armour, amphibious, 8 rings, camouflage 1, gelatinous body 1,
(nimble swimmer 1), tentacles
a: Renounce Religion


You were on level 5 of the Dungeon.
You worshipped Dithmenos.
Dithmenos was noncommittal.
You visited 1 branch of the dungeon, and saw 2 of its levels.

You collected 59 gold pieces.

Inventory:

Hand Weapons
 a - a +0 short sword (weapon)
Jewellery
 g - a ring of willpower (left tentacle)
Wands
 f - a wand of digging (3)
 h - a wand of flame (6)
Scrolls
 b - 2 scrolls of fog
 c - 3 scrolls of magic mapping
 d - a scroll of fear
 i - a scroll of noise {unknown}
Potions
 e - a potion of haste


   Skills:
 + Level 3.1 Fighting
 + Level 2.1 Short Blades
 + Level 2.1 Dodging
 + Level 6.7 Stealth


You had one spell level left.
You didn't know any spells.
Your spell library was empty.

Dungeon Overview and Level Annotations

Branches:
Dungeon (6/15)
 Temple: D:4-7

Altars:
Dithmenos
Gozag
Ru
The Shining One


Innate Abilities, Weirdness & Mutations

You cannot wear most types of armour.
You are amphibious.
You can wear up to eight rings at the same time.
Your skin changes colour to match your surroundings (Stealth+).
Your rubbery body absorbs attacks. (AC +1, EV +1)
((You are camouflaged when in or above water. (Stealth+)))
You have tentacles for arms and can constrict up to eight enemies at once.


Message History

Found a robe.
A white imp comes into view.
Found a leather armour, a scroll labelled JOSIAS ISIOF and a quarterstaff.
i - a scroll labelled JOSIAS ISIOF
g - a ring of willpower (left tentacle)
Found a stone staircase leading down.
Found a scroll of fog.
Found a sapphire potion.
A white imp and an orc come into view.
Found a scroll labelled FAUFIKUNEF.
The orc shouts!
You see here a scroll of fog.
The white imp grinds its teeth.
You see here a scroll of fog.
b - 2 scrolls of fog (gained 1)
An ice beast comes into view.
The white imp gestures at you. The puff of frost hits you!
Ouch! That really hurt!
The white imp gestures at you. The puff of frost hits you!
Ouch! That really hurt!
* * * LOW HITPOINT WARNING * * *
The white imp shouts, "Decamp, thou frothy ditch-delivered codpiece!"
You hit the white imp. You grab the white imp. You squeeze the white imp!
The white imp is almost dead.
You constrict the white imp, but do no damage.
You hit the white imp.
You kill the white imp!
Dithmenos accepts your kill.
You have reached level 2!
You start resting.
An orc is nearby!
You hit the orc. Your grab misses the orc.
The orc is heavily wounded.
The orc closely misses you.
You barely miss the orc. You grab the orc.
The orc is heavily wounded.
You constrict the orc. The orc hits you with a +0 club.
You die...

........... #....
........ ..# #.... .
...... ...##.... .. .....
.......... ...
#...###.##....... ....
###....#...........
.....#........##...##...
#.......o.....##....#...
.#......@#....>##..[.....
..?!..####o....#.........
........#................
............##...........
.........................
.........................
.................).......
..................#####..
..............##### ###


You could see an orc.

Vanquished Creatures
  A white imp (D:5)
1 creature vanquished.

Notes
Turn   | Place    | Note
-------+----------+-------------------------------------------
     0 | D:5      | RancidPinata the Octopode Delver began the quest for the
                  | Orb.
     0 | D:5      | Reached XP level 1. HP: 16/16 MP: 1/1
    25 | D:6      | Found a shadowy altar of Dithmenos.
    27 | D:6      | Found an opulent altar of Gozag.
    35 | D:6      | Became a worshipper of Dithmenos the Shadowed
    36 | D:6      | Noticed a scorpion
    70 | D:5      | Found a glowing golden altar of the Shining One.
   102 | D:5      | Found a sacrificial altar of Ru.
   210 | D:5      | Noticed an ice beast
   219 | D:5      | Reached XP level 2. HP: 2/21 MP: 2/2
   224 | D:5      | Slain by an orc

Illustrated notes

Levels and vault maps discovered:
D:5:      layout_cave_pools, mainiacjoe_overflow_chevrons,
          lemuel_coloured_pillars_altar
D:6:      layout_basic, chequers_temple_overflow_statue_of_worship,
          minmay_temple_entry_mist, minmay_misc_feat_roman, uniq_pikel

Action                     || total
---------------------------++-------
  Melee: Short sword       ||     4
         Constrict         ||     2
         Tentacles         ||     1
  Dodge: Dodged            ||     1
